 Dungeon Crawl Stone Soup version 0.29.1-2-gbd0b4ee654 (webtiles) character file.

Game seed: 10502800954950547880

344 raph the Stinger (level 6, -4/24 HPs)
             Began as a Felid Venom Mage on Oct 30, 2022.
             Killed by nerve-wracking pain
             ... invoked by an orc priest
              (12 damage)
             ... on level 4 of the Dungeon.
             The game lasted 00:10:28 (7422 turns).

raph the Stinger (Felid Venom Mage)                 Turns: 7422, Time: 00:10:29

Health: -4/24      AC:  2    Str:  4    XL:     6   Next: 31%
Magic:  1/13       EV: 21    Int: 18    God:
Gold:   91         SH:  0    Dex: 17    Spells: 2/13 levels left
                                        Lives:  0   Deaths: 1

rFire   . . .      SeeInvis +   (weapon unavailable)
rCold   . . .      Faith    .   (shield unavailable)
rNeg    . . .      Spirit   .   (body armour unavailable)
rPois   .          Reflect  .   (helmet unavailable)
rElec   .          Harm     .   (cloak unavailable)
rCorr   .          Rampage  .   (gloves unavailable)
Will    .....                   (boots unavailable)
Stlth   ++........              (no amulet)
HPRegen 0.08/turn               g - +4 ring of evasion
MPRegen 0.13/turn               c - ring of wizardry

@: quick
A: very small, claws 1, fangs 3, see invisible, speed 1, shaggy fur 2, stealthy
paws, no weapons or thrown items, no armour, multi-lived
a: no special abilities


You were on level 4 of the Dungeon.
You visited 1 branch of the dungeon, and saw 5 of its levels.

You collected 190 gold pieces.
You spent 99 gold pieces at shops.

Inventory:

Jewellery
 c - a ring of wizardry (right paw)
 g - a +4 ring of evasion (left paw)
Scrolls
 b - a scroll of summoning
Potions
 a - 2 potions of haste
 d - a potion of ambrosia
 e - 2 potions of curing
 f - a potion of berserk rage
 h - a potion of heal wounds
 i - 2 potions of cancellation


   Skills:
 - Level 2.6 Dodging
 - Level 2.6 Stealth
 + Level 4.4 Spellcasting
 - Level 1.1 Transmutations
 + Level 5.4 Poison Magic


You had 2 spell levels left.
You knew the following spells:

 Your Spells              Type           Power      Damage    Failure   Level
a - Sting                 Tmut/Pois      60%        1d6       1%          1
b - Poisonous Vapours     Pois/Air       26%        N/A       2%          2
c - Foxfire               Conj/Fire      12%        2x1d4     6%          1
d - Mephitic Cloud        Conj/Pois/Air  10%        N/A       9%          3
e - Olgreb's Toxic Radia  Pois           23%        N/A       6%          4

Your spell library contained the following spells:

 Spells                   Type           Power      Damage    Failure   Level
 Blink                    Tloc           6%         N/A       9%          2
 Conjure Flame            Conj/Fire      3%         6-21      16%         3
 Inner Flame              Hex/Fire       3%         N/A       16%         3
 Flame Wave               Conj/Fire      3%         2d5       45%         4
 Manifold Assault         Tloc           3%         N/A       80%         5
 Storm Form               Tmut/Air       2%         N/A       100%        7


Dungeon Overview and Level Annotations

Branches:
Dungeon (5/15)
 Temple: D:4-7

Altars:
Makhleb
Okawaru
Wu Jian

Shops:
D:3 *

Annotations:
D:3 Grinder


Innate Abilities, Weirdness & Mutations

You have sharp claws.
You have razor-sharp teeth.
You have supernaturally acute eyesight. (SInv)
You cover ground quickly. (Speed+)
You are covered in thick fur. (AC +2)
Your paws help you pounce on unaware monsters.
You are incapable of wielding weapons or throwing items.
You cannot wear armour.
You gain extra lives every three experience levels.


Message History

You start resting.
A kobold comes into view.
It is wielding a +0 whip of electrocution.
A kobold is nearby!
Casting: Olgreb's Toxic Radiance (extremely dangerous; 6% risk of failure)
Confirm with . or Enter, or press ? or * to list all spells.
You begin to radiate toxic energy.
The kobold shouts!
The kobold is poisoned.
The kobold looks even sicker.
The kobold throws a stone.
The stone completely misses you.
You kill the kobold!
Your toxic aura wanes.
Casting: Olgreb's Toxic Radiance (extremely dangerous; 6% risk of failure)
Confirm with . or Enter, or press ? or * to list all spells.
You begin to radiate toxic energy.
The orc shouts!
The orc is poisoned.
The quokka is poisoned.
The orc looks even sicker.
The quokka looks even sicker.
You hear a shout! x3
You closely miss the orc.
The orc is almost dead.
You kill the orc!
The orc is poisoned. x2
You kill the quokka!
Your toxic aura wanes.
You see here a +0 flail.
Casting: Olgreb's Toxic Radiance (extremely dangerous; 6% risk of failure)
Confirm with . or Enter, or press ? or * to list all spells.
You begin to radiate toxic energy.
The orc priest is poisoned.
The orc looks even sicker. x2
You kill the orc! x2
The orc priest calls down the wrath of Beogh upon you.
Beogh smites you!
Ouch! That really hurt!
A kobold comes into view. It is wielding a +0 short sword.
The kobold is poisoned.
Your toxic aura wanes.
The orc priest calls down the wrath of Beogh upon you.
Pain shoots through your body!
Ouch! That really hurt!
You die...

.K.l.#.###o..?....
..o.....<....
#..#K..o.......#..
#...#####.###
#..###...<.......# # #.#
#..# #...#.....### #.#
#..###.........# ..#
#...#........K.# .##
.r#......#...)o## ..
..#†......?#.#..### .#
...........#....@.# #####.
.(.#..#...>..##...###......
.....##.#.....###.)).......
#.#####.......####..#.....
#..# #....................
##.####....................
............#.).####.......
.#...####...#..............
####.####..####.......#####


You could see an orc priest (poisoned) and a kobold (poisoned).

Vanquished Creatures
  A scorpion (D:4)
  3 orc priests (D:3)
  An iguana (D:4)
  6 gnolls
  4 adders
  2 worms (D:2)
  2 dart slugs
  11 orcs
  5 endoplasms
  3 giant cockroaches
  5 hobgoblins
  14 jackals
  12 quokkas
  6 ball pythons
  5 bats
  5 frilled lizards
  5 goblins
  5 kobolds
  8 rats
103 creatures vanquished.

Vanquished Creatures (others)
  2 kobolds (D:4)
  32 foxfires
  64 plants (D:4)
98 creatures vanquished.

Grand Total: 201 creatures vanquished

Notes
Turn   | Place    | Note
-------+----------+-------------------------------------------
     0 | D:1      | raph the Felid Venom Mage began the quest for the Orb.
     0 | D:1      | Reached XP level 1. HP: 7/7 MP: 4/4
   125 | D:1      | Reached skill level 3 in Poison Magic
   176 | D:1      | Reached XP level 2. HP: 11/11 MP: 3/6
   640 | D:1      | Learned a level 2 spell: Poisonous Vapours
  1062 | D:1      | Learned a level 1 spell: Foxfire
  1445 | D:1      | Found a faded altar of an unknown god.
  1451 | D:1      | Reached XP level 3. HP: 12/14 MP: 3/7
  2420 | D:2      | You fall into a shaft and drop 1 floor!
  2612 | D:3      | Reached skill level 4 in Poison Magic
  2624 | D:3      | Reached XP level 4. HP: 18/18 MP: 1/9
  2675 | D:5      | Entered Level 5 of the Dungeon
  2675 | D:5      | Noticed an ogre
  2695 | D:3      | Killed from afar by an orc priest
  2696 | D:3      | Reached XP level 3. HP: -1/14 MP: 4/8
  2696 | D:3      | Found an iron altar of Okawaru.
  3342 | D:2      | Learned a level 3 spell: Mephitic Cloud
  3585 | D:2      | Reached XP level 4. HP: 10/18 MP: 4/9
  4914 | D:3      | Found a burning altar of Makhleb.
  4914 | D:3      | Noticed a balrug
  4931 | D:3      | Noticed a smoke demon
  4931 | D:3      | Noticed a hellwing
  5185 | D:3      | Found Xeqeup's General Store.
  5192 | D:3      | Bought a potion of heal wounds for 55 gold pieces
  5192 | D:3      | Bought a scroll of identify for 22 gold pieces
  5192 | D:3      | Bought a scroll of identify for 22 gold pieces
  5434 | D:3      | Noticed Grinder
  6184 | D:3      | Reached XP level 5. HP: 11/21 MP: 6/11
  6339 | D:3      | Learned a level 4 spell: Olgreb's Toxic Radiance
  6343 | D:3      | Found an ornate altar of the Wu Jian Council.
  6597 | D:3      | Reached skill level 5 in Poison Magic
  6661 | D:3      | Found the +7 staff of the Meek {protect, meekguard}
  6743 | D:4      | Gained mutation: You are covered in thick fur. (AC +2)
                  | [Felid growth]
  6743 | D:4      | Reached XP level 6. HP: 7/24 MP: 0/13
  7422 | D:4      | Killed from afar by an orc priest

Illustrated notes

Levels and vault maps discovered:
D:1:      tarquinn_simple_flora_water_b, layout_loops_corners,
          basic_ecumenical_altar, chequers_serial_rivers_micro_a
D:2:      layout_basic
D:3:      layout_basic, makhleb_altar_promises_db,
          mainiacjoe_overflow_concentric_impassable, nzn_wu_jian_council_hall,
          serial_shops, nicolae_shop_statue_plus,
          chequers_serial_rivers_micro_b, pf_guarded_unrand_meek, uniq_grinder
D:4:      kennysheep_kobold_camp, layout_rooms, uniq_sigmund
D:5:      layout_rooms, mainiacjoe_overflow_boulevard, minmay_shop_mayhem

Skill      XL: |  1  2  3  4  5 |
---------------+----------------+-----
Poison Magic   | 3 4 5 |  5.4
Spellcasting   | 3 4 |  4.4
Dodging        | |  2.6
Stealth        | |  2.6
Transmutations | |  1.1

Action                   |  1- 3 |  4- 6 || total
-------------------------+-------+-------++-------
Melee: Unarmed           |     3 |    26 ||    29
       Bite              |       |     4 ||     4
       Punch             |       |     3 ||     3
 Cast: Sting             |    94 |    45 ||   139
       Poisonous Vapours |    22 |    37 ||    59
       Foxfire           |     2 |    15 ||    17
       Olgreb's Toxic Ra |       |    11 ||    11
       Mephitic Cloud    |       |     1 ||     1
  Use: Scroll            |     5 |     7 ||    12
       Potion            |     1 |       ||     1
Armor: Skin              |     3 |     6 ||     9
Dodge: Dodged            |    48 |    56 ||   104
